 Dungeon Crawl Stone Soup version 0.21.1-1-g345015fe64 (webtiles) character file.

840 PikkenKukken the Digger (level 7, -1/53 HPs)
             Began as a Red Draconian Earth Elementalist on June 5, 2018.
             Was a Follower of Vehumet.
             Slain by a gnoll
             ... wielding a +0 halberd
              (4 damage)
             ... on level 5 of the Dungeon.
             The game lasted 00:31:13 (6412 turns).

PikkenKukken the Digger (DrEE)                      Turns: 6412, Time: 00:31:13

Health: -1/53      AC: 11    Str: 10 (11) XL:     7   Next: 67%
Magic:  9/13       EV: 14    Int: 16 (17) God:    Vehumet [*.....]
Gold:   97         SH:  0    Dex: 14      Spells: 9/15 levels left

rFire    + . .     SeeInvis .   k - +0 spear
rCold    . . .     Gourm    .   (no shield)
rNeg     . . .     Faith    +   (armour unavailable)
rPois    .         Spirit   .   j - +2 hat
rElec    .         Reflect  .   y - +2 cloak
rCorr    .         Harm     .   (no gloves)
MR       .....                  (no boots)
Stlth    ++........             r - amulet of faith
HPRegen  0.17/turn              f - +3 ring of dexterity
MPRegen  0.13/turn              (no ring)

@: no status effects
A: breathe fire, unfitting armour, fire resistance 1, cold-blooded, AC +6
a: Breathe Fire, Renounce Religion


You were on level 5 of the Dungeon.
You worshipped Vehumet.
Vehumet was aware of your devotion.
You were not hungry.

You visited 2 branches of the dungeon, and saw 6 of its levels.

You collected 155 gold pieces.
You spent 58 gold pieces at shops.

Inventory:

Hand Weapons
 k - a +0 spear (weapon)
 p - a +0 halberd
Missiles
 t - 136 stones (quivered)
Armour
 j - a +2 hat (worn)
 y - a +2 cloak (worn)
Jewellery
 f - a +3 ring of dexterity (left hand)
 r - an amulet of faith (around neck)
 w - an uncursed ring of protection from cold
Scrolls
 b - 3 scrolls of identify
 g - a scroll of enchant weapon {unknown}
 h - a scroll of remove curse
 l - a scroll of noise {unknown}
 m - a scroll of random uselessness {unknown}
 q - a scroll of immolation {unknown}
 s - a scroll of amnesia {unknown}
 u - 2 scrolls of fear {unknown}
 v - a scroll of teleportation {unknown}
Potions
 a - a potion of brilliance {unknown}
 e - 3 potions of curing
 i - 2 potions of berserk rage {unknown}
 n - 2 potions of heal wounds {unknown}
 o - 2 potions of degeneration
 x - a potion of magic {unknown}
Books
 d - a book of Geomancy

   Spells                             Type                      Level
   a - Sandblast                      Earth                        1
   b - Passwall                       Transmutation/Earth          2
   c - Stone Arrow                    Conjuration/Earth            3
   d - Petrify                        Transmutation/Earth          4
   e - Lee's Rapid Deconstruction     Earth                        5
Comestibles
 c - 9 rations


   Skills:
 + Level 1.7 Fighting
 + Level 3.0 Polearms
 + Level 3.8 Dodging
 - Level 1.9 Stealth
 + Level 4.5 Spellcasting
 + Level 1.4 Conjurations
 + Level 1.2 Transmutations
 + Level 5.3 Earth Magic


You had 9 spell levels left.
You knew the following spells:

 Your Spells              Type           Power        Failure   Level  Hunger
a - Sandblast             Erth           ###...       1%          1    None
b - Passwall              Tmut/Erth      ##........   6%          2    ##.....
c - Stone Arrow           Conj/Erth      ##....       12%         3    ###....


Dungeon Overview and Level Annotations

Branches:
Dungeon (5/15)             Temple (1/1) D:4

Altars:
Ashenzari
Elyvilon
Gozag
Hepliaklqana
Okawaru
Qazlal
Ru
Sif Muna
Vehumet
Wu Jian
Xom
Yredelemnul

Shops:
D:4 *

Annotations:
D:5 Dowan, Duvessa


Innate Abilities, Weirdness & Mutations

You can breathe blasts of fire.
Your fiery red scales are hard. (AC +6)
You cannot fit into any form of body armour.
Your flesh is heat resistant. (rF+)
You are cold-blooded and may be slowed by cold attacks.


Message History

The centaur hits you but does no damage.
The gnoll hits you.
* * * LOW HITPOINT WARNING * * *
The centaur barely misses you.
You struggle against the net.
The gnoll hits you from afar with a halberd.
* * * LOW HITPOINT WARNING * * *
The centaur hits you.
* * * LOW HITPOINT WARNING * * *
The gnoll hits you.
* * * LOW HITPOINT WARNING * * *
You struggle against the net.
The centaur hits you but does no damage.
The gnoll closely misses you. The gnoll barely misses you.
The gnoll hits you but does no damage.
The centaur hits you but does no damage.
You shred the net and break free! The gnoll barely misses you.
The centaur hits you but does no damage.
The gnoll hits you from afar with a halberd.
You die...

..# #.......... ..#
#................
..######................
........................
........................
.########...............
.######..........g......
.....##........gg)......
.###.##.........@c......
.......................$
.###.##.............!....
.....#...................
.#.###.###...............
......................<..
.#.####......#...........
.#....#.................
.#.##.#............#.#..


You could see a centaur and 3 gnolls.

Vanquished Creatures
  2 ogres (D:5)
  A phantom (D:4)
  A scorpion (D:4)
  2 crimson imps (D:5)
  4 hounds
  An orc wizard (D:4)
  An orc priest (D:4)
  A worker ant (D:4)
  A hound skeleton (D:4)
  A worker ant zombie (D:5)
  A gnoll (D:5)
  7 adders
  3 oozes
  An adder zombie (D:5)
  2 adder skeletons (D:4)
  4 worms
  2 dart slugs (D:2)
  7 leopard geckos
  13 orcs
  5 bats
  6 giant cockroaches
  13 goblins
  11 hobgoblins
  6 jackals (D:2)
  13 kobolds
  2 quokkas
  6 frilled lizards
  7 rats
124 creatures vanquished.

Notes
Turn   | Place    | Note
-------+----------+-------------------------------------------
     0 | D:1      | PikkenKukken the Draconian Earth Elementalist began the quest for the Orb.
     0 | D:1      | Reached XP level 1. HP: 14/14 MP: 3/3
   321 | D:1      | Reached XP level 2. HP: 20/20 MP: 3/5
   629 | D:1      | Learned a level 2 spell: Passwall
   907 | D:1      | Reached XP level 3. HP: 26/26 MP: 2/6
  1763 | D:2      | Reached skill level 4 in Earth Magic
  1933 | D:2      | Found a faded altar of an unknown god.
  2124 | D:2      | Reached XP level 4. HP: 33/33 MP: 6/8
  2238 | D:2      | Reached skill level 1 in Polearms
  3173 | D:3      | Reached XP level 5. HP: 38/39 MP: 9/9
  3582 | D:4      | Found a staircase to the Ecumenical Temple.
  3588 | Temple   | Entered the Ecumenical Temple
  3634 | Temple   | Became a worshipper of Vehumet
  3672 | D:4      | Learned a level 3 spell: Stone Arrow
  3676 | D:4      | Noticed a phantom
  3695 | D:4      | Killed a phantom
  3695 | D:4      | Reached XP level 6. HP: 41/46 MP: 0/10
  3991 | D:3      | Reached skill level 1 in Fighting
  4514 | D:4      | Found Quket's General Store.
  4530 | D:4      | Bought 25 stones for 35 gold pieces
  4530 | D:4      | Bought 17 stones for 23 gold pieces
  5081 | D:4      | Reached * piety under Vehumet
  5081 | D:4      | Offered knowledge of Flame Tongue by Vehumet.
  5240 | D:5      | Entered Level 5 of the Dungeon
  5382 | D:5      | Your scales start taking on a fiery red colour.
  5382 | D:5      | Reached XP level 7. HP: 52/52 MP: 5/12
  5382 | D:5      | Gained mutation: Your flesh is heat resistant. (rF+) [Red Draconian growth]
  5541 | D:5      | Reached skill level 1 in Conjurations
  5950 | D:5      | Reached skill level 5 in Earth Magic
  6239 | D:5      | Noticed Duvessa
  6380 | D:5      | Noticed Dowan
  6412 | D:5      | Slain by a gnoll

Skill      XL: |  1  2  3  4  5  6  7 |
---------------+----------------------+-----
Earth Magic    | 4 5 |  5.3
Polearms       | 1 2 3 |  3.0
Dodging        | 2 3 |  3.8
Spellcasting   | 3 4 |  4.5
Fighting       | 1 |  1.7
Conjurations   | 1 |  1.4
Stealth        | |  1.9
Transmutations | |  1.2

Action                   |  1- 3 |  4- 6 |  7- 9 || total
-------------------------+-------+-------+-------++-------
Melee: Unarmed           |     5 |       |       ||     5
       Spear             |    65 |   212 |    17 ||   294
       Tailslap          |     7 |     9 |     1 ||    17
 Cast: Sandblast         |    40 |    30 |    22 ||    92
       Passwall          |     1 |       |     1 ||     2
       Stone Arrow       |       |    26 |    20 ||    46
  Use: Scroll            |     2 |     6 |       ||     8
       Potion            |       |     2 |       ||     2
 Stab: Sleeping          |     4 |     2 |       ||     6
  Eat: Chunk             |     5 |    10 |     3 ||    18
       Ration            |       |     1 |     1 ||     2
Armor: Skin              |    15 |    84 |    30 ||   129
Dodge: Dodged            |    63 |   154 |    44 ||   261
